 Dungeon Crawl Stone Soup version 0.23.2-33-g5129a83184 (webtiles) character file.

Game seed: 9598196149139298811

58417 Gildeon the Blocker (level 14, -2/88 HPs)
             Began as a Gargoyle Fighter on July 6, 2019.
             Was the Champion of Okawaru.
             Killed from afar by an ice statue (29 damage)
             ... with a bolt of cold
             ... in an ice cave on July 7, 2019.
             The game lasted 01:32:10 (21039 turns).

Gildeon the Blocker (Gargoyle Fighter)             Turns: 21039, Time: 01:32:11

Health: -2/88      AC: 50    Str: 23    XL:     14   Next: 90%
Magic:  21/21      EV: 10    Int: 13    God:    Okawaru [******]
Gold:   1079       SH: 14    Dex: 13    Spells: 18/23 levels left

rFire    + . .     SeeInvis .   a - +2 eveningstar (protect)
rCold    . . .     Gourm    .   c - +0 shield
rNeg     + . .     Faith    .   x - +8 orange crystal plate armour {Archmagi, Int+3 Clar}
rPois    ∞         Spirit   .   M - +0 helmet
rElec    +         Reflect  .   J - +2 cloak
rCorr    .         Harm     .   (no gloves)
MR       +....     Clarity  +   (no boots)
Stlth    ..........             (no amulet)
HPRegen  0.24/turn              G - +3 ring of dexterity
MPRegen  0.17/turn              D - +4 ring of evasion

@: protection aura
A: big wings, fire resistance 1, negative energy resistance 1, screaming 1,
electricity resistance, unbreathing, petrification resistance, rot immunity,
subdued magic 1, AC +10
a: Fly, Heroism, Finesse, Renounce Religion


You were in an ice cave.
You worshipped Okawaru.
Okawaru was exalted by your worship.
You were not hungry.

You visited 4 branches of the dungeon, and saw 20 of its levels.
You also visited: Gauntlet and Ice Cave.

You collected 1849 gold pieces.
You spent 770 gold pieces at shops.

Inventory:

Hand Weapons
 a - a +2 eveningstar of protection (weapon)
 q - a +1 broad axe of flaming
 O - a +2 morningstar of holy wrath
Missiles
 u - 22 tomahawks (quivered)
 H - 8 exploding tomahawks
 K - 29 javelins
 Q - 4 tomahawks of dispersal
 T - 7 tomahawks of returning
Armour
 c - a +0 shield (worn)
 x - the +8 orange crystal plate armour (worn) {Archmagi, Int+3 Clar}
   (Okawaru gifted it to you on level 2 of the Orcish Mines)

   It affects your intelligence (+3).
   It protects you against confusion.
 J - a +2 cloak (worn)
 M - a +0 helmet (worn)
Jewellery
 D - a +4 ring of evasion (right hand)
 G - a +3 ring of dexterity (left hand)
 S - an uncursed ring of see invisible
Wands
 h - a wand of iceblast (17)
 o - a wand of disintegration (11)
 y - a wand of acid (33)
 C - a wand of paralysis (9)
 L - a wand of digging (5)
 P - a wand of scattershot (6)
 R - a wand of enslavement (7)
Scrolls
 d - 3 scrolls of blinking
 j - 5 scrolls of amnesia
 k - 6 scrolls of teleportation
 m - 3 scrolls of brand weapon {unknown}
 s - 5 scrolls of remove curse
 t - 3 scrolls of enchant armour
 v - 2 scrolls of fog
 A - a scroll of magic mapping
 B - a scroll of vulnerability {unknown}
 N - a scroll of summoning {unknown}
Potions
 e - 2 potions of ambrosia
 g - 2 potions of agility
 l - a potion of berserk rage
 n - 4 potions of curing
 p - 2 potions of cancellation
 r - a potion of heal wounds
 w - a potion of magic
 E - a potion of haste
 F - 2 potions of resistance
 I - 4 potions of lignification
Comestibles
 b - 19 chunks of flesh
 f - 29 rations


   Skills:
 - Level 10.0 Fighting
 - Level 14.0 Maces & Flails
 - Level 5.0 Throwing
 - Level 10.0 Armour
 - Level 5.0 Dodging
 + Level 14.8 Shields
 - Level 5.0 Spellcasting
 + Level 3.0 Charms
 + Level 2.1 Air Magic
 - Level 2.5 Invocations
 - Level 2.5 Evocations


You had 18 spell levels left.
You knew the following spells:

 Your Spells              Type           Power        Failure   Level  Hunger
a - Infusion              Chrm           ##..         96%         1    None
b - Swiftness             Chrm/Air       ##......     99%         2    ##.....
c - Song of Slaying       Chrm           ##......     99%         2    ##.....

Your spell library contained the following spells:

 Spells                   Type           Power        Failure   Level  Hunger
 Shock                    Conj/Air       #...         100%        1    None
 Shroud of Golubria       Chrm/Tloc      #.........   100%        2    ##.....
 Gell's Gravitas          Tloc           #.........   100%        3    ###....
 Portal Projectile        Hex/Tloc       #.....       100%        3    ###....
 Regeneration             Chrm/Necr      #.........   100%        3    ###....
 Spectral Weapon          Hex/Chrm       #.......     100%        3    ###....
 Static Discharge         Conj/Air       #.......     100%        3    ###....
 Airstrike                Air            ##........   100%        4    ####...
 Force Lance              Conj/Tloc      #.......     100%        4    ####...
 Lightning Bolt           Conj/Air       #.........   100%        5    ######.
 Dispersal                Tloc           #.........   100%        6    #######
 Controlled Blink         Tloc           N/A          100%        8    #######
 Disjunction              Tloc           #.........   100%        8    #######


Dungeon Overview and Level Annotations

Branches:
Dungeon (11/15)            Temple (1/1) D:5            Lair (6/6) D:9
  Swamp (0/4) Lair:2       Spider (0/4) Lair:3        Slime (0/5) Lair:6
    Orc (2/2) D:9             Elf (0/3) Orc:2

Altars:
Ashenzari
Cheibriados
Dithmenos
Elyvilon
Fedhas
Gozag
Hepliaklqana
Kikubaaqudgha
Makhleb
Nemelex Xobeh
Okawaru
Qazlal
Ru
Sif Muna
Trog
Uskayaw
Vehumet
Wu Jian
Xom
Yredelemnul
Zin
The Shining One
Beogh

Shops:
D:7 [   Orc:2 !?}(

Annotations:
D:10 3 runed translucent doors, Lauz's ghost, novice DrCj
Lair:5 exclusion: 4 oklob plants IceCv exclusion: ice statue


Innate Abilities, Weirdness & Mutations

You are resistant to torment.
Your stone body is resilient. (AC +10)
You are immune to poison.
Your large and strong wings let you fly indefinitely.
You resist negative energy. (rN+)
You are resistant to electric shocks. (rElec)
You can survive without breathing.
You are immune to petrification.
You are immune to rotting.
Your flesh is heat resistant. (rF+)
You occasionally shout uncontrollably at your foes.
Your spells are a little easier to cast, but a little less powerful.


Message History

You hit the ice statue.
The ice statue is almost destroyed.
You block the ice beast's attack. x2
Unknown command.
Your orange crystal plate armour prevents you from hitting the ice statue.
The ice statue is almost destroyed.
You block the ice beast's attack. x2
You hit the ice statue but do no damage.
The ice statue is almost destroyed.
The ice statue gestures at you.
The freezing blast engulfs you but does no damage.
You block the ice beast's attack. The ice beast hits you.
The ice beast freezes you!
You hit the ice statue but do no damage.
The ice statue is almost destroyed.
You are engulfed in freezing vapours.
* * * LOW HITPOINT WARNING * * *
The ice statue gestures at you. The bolt of cold hits you!!
You die...

##.....## ##...##
#...## ##...#
##...# #...##
####...####
##8#○☼...#.##
#☼Y@°○......#
#..Y.○☼.......#
#.°.§.☼.......#
#..........(....#
#...........((.(#
#.......⌠.......#
#...............#
#...............#


You could see an ice statue and 2 ice beasts.

Vanquished Creatures
  Rupert (Orc:2)
  A minotaur (Gauntlet)
  Snorg (Orc:1)
  Josephine (D:10)
  Harold (D:7)
  4 hydras
  2 two-headed ogres
  Erica (D:8)
  9 death yaks
  The ghost of Folque the Frost Mage, a novice DrIE of Sif Muna (D:9)
  A fire crab (Gauntlet)
  An unseen horror (D:11)
  11 orc sorcerers
  2 orc knights (Orc:2)
  7 elephants (Lair:6)
  4 black mambas
  Maurice (D:8)
  8 spiny frogs
  An ice statue (IceCv)
  A rime drake (Lair:1)
  An efreet (Gauntlet)
  5 komodo dragons
  An ice devil (IceCv)
  2 jumping spiders (Lair:3)
  2 trolls
  3 polar bears
  5 hornets (Lair:6)
  7 dream sheep
  15 blink frogs
  A tyrant leech (Lair:2)
  A raiju (Gauntlet)
  4 hippogriffs
  8 wyverns
  Sigmund (D:4)
  A fire elemental (Gauntlet)
  A redback (Lair:3)
  14 spriggans (Lair:6)
  5 wraiths
  2 fire bats (Gauntlet)
  4 yaks
  Eustachio (D:6)
  Grum (D:8)
  A hungry ghost (D:9)
  2 steam dragons (Gauntlet)
  Menkaure (D:7)
  8 wargs
  A swamp worm (Lair:2)
  14 water moccasins
  2 ice beasts (D:8)
  6 porcupines
  A hell hound (Gauntlet)
  13 orc warriors
  5 black bears (Lair:6)
  A sky beast (D:3)
  3 boggarts (Lair:6)
  2 phantoms
  A necrophage (D:5)
  11 ogres
  3 centaurs
  16 crocodiles
  22 wolves
  7 bullfrogs
  4 scorpions
  6 howler monkeys
  An electric eel (Lair:5)
  4 crimson imps
  8 jellies
  A quasit (D:5)
  2 bullfrog zombies
  2 hounds
  11 orc priests
  3 centaur skeletons
  32 orc wizards
  Crazy Yiuf (D:4)
  2 bullfrog skeletons
  2 iguanas
  Ijyb (D:3)
  6 hell rats (Lair:5)
  7 worker ants
  2 hound skeletons
  A howler monkey zombie (D:9)
  A worker ant zombie (D:5)
  8 gnolls
  A howler monkey skeleton (D:9)
  15 adders
  2 shadow imps
  4 oozes
  An adder zombie (D:3)
  2 adder skeletons
  2 worms (D:2)
  2 dart slugs
  4 leopard geckos
  78 orcs
  9 bats
  8 giant cockroaches
  6 goblins
  3 hobgoblins
  7 jackals
  A quokka (D:4)
  A ball python skeleton (D:3)
  A ball python zombie (D:3)
  5 frilled lizards
  2 jackal zombies
  12 kobolds
  2 quokka skeletons (D:9)
  7 rats
  A fungus (Lair:6)
  2 plants
  A withered plant (D:3)
548 creatures vanquished.

Vanquished Creatures (others)
  A boggart (Lair:6)
  2 orc wizards
  An orc (Orc:2)
  3 fungi
  7 plants
14 creatures vanquished.

Grand Total: 562 creatures vanquished

Notes
Turn   | Place    | Note
-------+----------+-------------------------------------------
     0 | D:1      | Gildeon the Gargoyle Fighter began the quest for the Orb.
     0 | D:1      | Reached XP level 1. HP: 14/14 MP: 1/1
   185 | D:1      | Reached XP level 2. HP: 9/19 MP: 2/2
   786 | D:2      | Found a shimmering altar of Xom.
   791 | D:2      | Reached XP level 3. HP: 23/23 MP: 3/3
   986 | D:2      | Reached XP level 4. HP: 16/29 MP: 4/4
  1380 | D:2      | Reached XP level 5. HP: 33/33 MP: 5/5
  1913 | D:2      | Found a basalt altar of Yredelemnul.
  2000 | D:2      | Found a sacrificial altar of Ru.
  2006 | D:2      | Found a blossoming altar of Fedhas.
  2006 | D:2      | Found a sparkling altar of Nemelex Xobeh.
  2006 | D:2      | Found a hide-covered altar of Uskayaw.
  2011 | D:2      | Found a deep blue altar of Sif Muna.
  2348 | D:3      | Found a faded altar of an unknown god.
  2357 | D:3      | Noticed a sky beast
  2375 | D:3      | Killed a sky beast
  2375 | D:3      | Reached XP level 6. HP: 39/39 MP: 6/6
  2508 | D:3      | Noticed Ijyb
  2551 | D:3      | Killed Ijyb
  3266 | D:3      | Reached XP level 7. HP: 37/44 MP: 7/7
  3542 | D:4      | Gained mutation: Your spells are a little easier to cast,
                  | but a little less powerful. [potion of mutation]
  3542 | D:4      | Gained mutation: You occasionally shout uncontrollably at
                  | your foes. [potion of mutation]
  3542 | D:4      | Gained mutation: Your flesh is heat resistant. (rF+)
                  | [potion of mutation]
  3730 | D:4      | Reached skill level 5 in Maces & Flails
  3835 | D:4      | Reached skill level 5 in Fighting
  3835 | D:4      | Reached skill level 5 in Armour
  3835 | D:4      | Reached skill level 5 in Shields
  3851 | D:4      | Noticed Sigmund
  3893 | D:4      | Killed Sigmund
  3893 | D:4      | Reached skill level 1 in Throwing
  4042 | D:4      | Found a runed translucent door.
  4043 | D:4      | Noticed Crazy Yiuf
  4051 | D:4      | Killed Crazy Yiuf
  4100 | D:5      | Entered Level 5 of the Dungeon
  4108 | D:5      | Reached XP level 8. HP: 49/49 MP: 8/8
  4590 | D:5      | Found a staircase to the Ecumenical Temple.
  4677 | D:5      | Found an iron altar of Okawaru.
  4690 | D:5      | Became a worshipper of Warmaster Okawaru
  4992 | D:6      | Reached skill level 1 in Spellcasting
  5145 | D:6      | Noticed Eustachio
  5172 | D:6      | Killed Eustachio
  5172 | D:6      | Reached * piety under Okawaru
  5172 | D:6      | Reached XP level 9. HP: 49/54 MP: 11/11
  5258 | Temple   | Entered the Ecumenical Temple
  5789 | D:7      | Noticed Menkaure
  5796 | D:7      | Killed Menkaure
  6062 | D:7      | Noticed Harold
  6108 | D:7      | Killed Harold
  6108 | D:7      | Reached ** piety under Okawaru
  6458 | D:7      | Found Otwadis's Antique Armour Shop.
  6851 | D:8      | Reached skill level 10 in Maces & Flails
  6851 | D:8      | Reached skill level 1 in Dodging
  6851 | D:8      | Reached XP level 10. HP: 59/59 MP: 13/13
  6855 | D:8      | Noticed a two-headed ogre
  6885 | D:8      | Killed a two-headed ogre
  6885 | D:8      | Reached *** piety under Okawaru
  6885 | D:8      | Received a gift from Okawaru
  6936 | D:8      | Noticed Maurice
  6980 | D:8      | Killed Maurice
  7084 | D:8      | Noticed Erica
  7124 | D:8      | Killed Erica
  7185 | D:8      | Noticed Grum
  7210 | D:8      | Killed Grum
  7210 | D:8      | Reached skill level 1 in Evocations
  7700 | D:7      | Bought a polished plate armour for 532 gold pieces
  7710 | D:7      | Identified the +5 plate armour of the Gravedigger {rPois}
                  | (You bought it in a shop on level 7 of the Dungeon)
  7860 | D:9      | Found a staircase to the Orcish Mines.
  7892 | D:9      | Reached **** piety under Okawaru
  7960 | D:9      | Found a runed translucent gate.
  7960 | D:9      | Found a runed translucent gate.
  7960 | D:9      | Found a runed translucent gate.
  7962 | D:9      | Found an opulent altar of Gozag.
  7964 | D:9      | Noticed Folque's ghost (novice DrIE)
  8177 | D:9      | Found a staircase to the Lair.
  8213 | D:9      | Reached XP level 11. HP: 63/63 MP: 14/14
  8371 | D:9      | Noticed a two-headed ogre
  8393 | D:9      | Killed a two-headed ogre
  8393 | D:9      | Reached skill level 1 in Invocations
  8659 | Lair:1   | Entered Level 1 of the Lair of Beasts
  8893 | Lair:1   | Reached ***** piety under Okawaru
  8893 | Lair:1   | Reached skill level 10 in Shields
 10088 | Lair:2   | Noticed a six-headed hydra
 10088 | Lair:2   | Noticed a seven-headed hydra
 10409 | Lair:2   | Killed a four-headed hydra
 10409 | Lair:2   | Received a gift from Okawaru
 10439 | Lair:2   | Killed a two-headed hydra
 10456 | Lair:2   | Found a staircase to the Swamp.
 10514 | Lair:3   | Learned a level 2 spell: Swiftness
 10802 | Lair:3   | Found a hole to the Spider Nest.
 10857 | Lair:3   | Reached XP level 12. HP: 71/71 MP: 15/15
 11919 | Lair:4   | Noticed a four-headed hydra
 11929 | Lair:4   | Killed a one-headed hydra
 12541 | Lair:5   | Found a gate leading to a gauntlet.
 12547 | Gauntlet | Entered a Gauntlet
 12547 | Gauntlet | Found a transporter.
 12560 | Gauntlet | Found a transporter.
 12563 | Gauntlet | Found a transporter.
 12563 | Gauntlet | Found a transporter.
 12609 | Gauntlet | Found a transporter.
 12610 | Gauntlet | Found a transporter.
 12741 | Gauntlet | Found a transporter.
 12773 | Gauntlet | Received a gift from Okawaru
 12802 | Gauntlet | Found a transporter.
 12822 | Gauntlet | Found a transporter.
 12876 | Gauntlet | Found a transporter.
 12925 | Gauntlet | Noticed a hell hog
 12927 | Gauntlet | Found the +8 frozen axe "Frostbite" {freezing cloud, *Noise
                  | +Fly rC+}
 12932 | Gauntlet | Noticed an eight-headed hydra
 12932 | Gauntlet | Found a transporter.
 12936 | Gauntlet | Found a transporter.
 12961 | Gauntlet | Noticed a minotaur
 12992 | Gauntlet | Killed a minotaur
 13024 | Gauntlet | Found the +4 robe of Augmentation {Str+4 Int+4 Dex+4}
 13031 | Lair:5   | Learned a level 1 spell: Infusion
 13525 | Lair:5   | Reached ****** piety under Okawaru
 13720 | Lair:5   | Reached XP level 13. HP: 80/80 MP: 16/16
 14556 | Lair:6   | Entered Level 6 of the Lair of Beasts
 14600 | Lair:5   | Received a gift from Okawaru
 14776 | Lair:6   | Found a staircase to the Slime Pits.
 14907 | Lair:5   | Received a gift from Okawaru
 14922 | Lair:5   | Reached skill level 10 in Fighting
 15716 | Lair:6   | Received a gift from Okawaru
 15767 | Lair:6   | Reached skill level 5 in Throwing
 15799 | Lair:6   | Gained mutation: Your large and strong wings let you fly
                  | indefinitely. [Gargoyle growth]
 15799 | Lair:6   | Reached XP level 14. HP: 81/88 MP: 17/17
 16206 | Lair:6   | Reached skill level 10 in Armour
 17267 | Orc:1    | Entered Level 1 of the Orcish Mines
 17301 | D:9      | Killed Folque's ghost
 17588 | Orc:1    | Noticed Snorg
 17617 | Orc:1    | Killed Snorg
 17883 | Orc:1    | Found a roughly hewn altar of Beogh.
 17937 | Orc:1    | Paralysed by something for 7 turns
 18396 | Orc:1    | Found a roughly hewn altar of Beogh.
 18463 | Orc:2    | Entered Level 2 of the Orcish Mines
 18520 | Orc:2    | Found a roughly hewn altar of Beogh.
 18938 | Orc:2    | Paralysed by an orc sorcerer for 7 turns
 18958 | Orc:2    | Found a staircase to the Elven Halls.
 19085 | Orc:2    | Noticed Rupert
 19175 | Orc:2    | Killed Rupert
 19175 | Orc:2    | Received a gift from Okawaru
 19175 | Orc:2    | Reached skill level 5 in Dodging
 19176 | Orc:2    | Found the +8 orange crystal plate armour {Archmagi, Int+3
                  | Clar}
 19298 | Orc:2    | Reached skill level 1 in Charms
 19330 | Orc:2    | Learned a level 2 spell: Song of Slaying
 19415 | Orc:2    | Paralysed by an orc sorcerer for 7 turns
 19441 | Orc:2    | Reached skill level 5 in Spellcasting
 19447 | Orc:2    | Found Nugep's Magic Scroll Emporium.
 19447 | Orc:2    | Found Oximaaxu's Distillery.
 19485 | Orc:2    | Bought a potion of ambrosia for 112 gold pieces
 19485 | Orc:2    | Bought a potion of curing for 42 gold pieces
 19485 | Orc:2    | Bought a potion of curing for 42 gold pieces
 19485 | Orc:2    | Bought a potion of curing for 42 gold pieces
 19577 | Orc:2    | Paralysed by an orc sorcerer for 2 turns
 19615 | Orc:2    | Found a roughly hewn altar of Beogh.
 19632 | Orc:2    | Paralysed by an orc sorcerer for 4 turns
 19825 | Orc:2    | Paralysed by an orc sorcerer for 2 turns
 19918 | Orc:2    | Found Saytath's Weapon Emporium.
 19918 | Orc:2    | Found Folachaz's Gadget Boutique.
 19966 | Orc:2    | Reached skill level 1 in Air Magic
 20023 | D:10     | Entered Level 10 of the Dungeon
 20151 | D:10     | Found a runed translucent gate.
 20151 | D:10     | Found a runed translucent gate.
 20151 | D:10     | Found a runed translucent gate.
 20151 | D:10     | Noticed Lauz's ghost (novice DrCj)
 20286 | D:10     | Noticed Josephine
 20322 | D:10     | Killed Josephine
 20844 | D:11     | Found a frozen archway.
 20853 | IceCv    | Entered an ice cave
 21039 | IceCv    | Killed from afar by an ice statue

Skill      XL: |  1  2  3  4  5  6  7  8  9 10 11 12 13 14 |
---------------+-------------------------------------------+-----
Maces & Flails | 3 4 5 7 10 11 13 14 | 14.0
Fighting       | 4 5 6 9 10 | 10.0
Armour         | 4 5 6 9 10 | 10.0
Shields        | 4 5 6 8 9 10 12 13 14 | 14.8
Throwing       | 1 2 5 |  5.0
Spellcasting   | 1 2 5 |  5.0
Dodging        | 1 2 5 |  5.0
Evocations     | 2 |  2.5
Invocations    | 2 |  2.5
Charms         | 3 |  3.0
Air Magic      | 2 |  2.1

Action                   |  1- 3 |  4- 6 |  7- 9 | 10-12 | 13-15 || total
-------------------------+-------+-------+-------+-------+-------++-------
Melee: Flail             |   108 |   287 |   446 |   634 |       ||  1475
       Unarmed           |       |    18 |       |       |       ||    18
       Scimitar          |       |       |       |    16 |     7 ||    23
       Eveningstar       |       |       |       |   141 |  1113 ||  1254
Throw: Throwing net      |       |     1 |     1 |       |       ||     2
       Javelin           |       |       |    18 |    94 |    38 ||   150
       Tomahawk          |       |       |     1 |    53 |   295 ||   349
Evoke: Wand              |       |       |     6 |    57 |       ||    63
  Use: Potion            |       |     1 |     3 |     5 |     2 ||    11
       Scroll            |       |       |    12 |    11 |    10 ||    33
  Eat: Chunk             |       |     8 |    12 |    12 |    19 ||    51
       Ration            |       |       |       |     4 |     2 ||     6
Armor: Scale mail        |    85 |   142 |       |       |       ||   227
       Chain mail        |       |    27 |   254 |    46 |       ||   327
       Plate armour      |       |       |       |   368 |   489 ||   857
       Crystal plate arm |       |       |       |       |   148 ||   148
Dodge: Dodged            |    45 |   102 |   110 |   311 |   410 ||   978
Block: Shield            |    67 |   156 |   254 |   457 |   747 ||  1681
       Rpst.: Scimitar   |       |       |       |     2 |     1 ||     3
